[Event "Skalica Rapid 2020"]
[Site "Skalica"]
[Date "2020.08.29"]
[Round "2.12"]
[White "Bucek, Miroslav"]
[Black "Tupy, Bystrik"]
[Result "1-0"]
[ECO "C79"]
[WhiteElo "1422"]
[BlackElo "1702"]
[Annotator "NA"]
[PlyCount "47"]
[EventDate "2020.08.29"]
[EventType "swiss"]
[EventCountry "SVK"]
[SourceTitle "playchess.com"]
[Source "ChessBase"]
[SourceQuality "1"]
[TimeControl "600+5"]

1. e4 e5 2. Nf3 Nc6 3. Bb5 a6 4. Ba4 Nf6 5. O-O d6 6. Re1 Bg4 7. h3 Bd7 8. c3 Be7 9. d4 exd4 10. cxd4 O-O 11. Bg5 Ne8 12. Bxe7 Nxe7 13. Bc2 Ng6 14. Nc3 Nh4 15. e5 dxe5 16. Nxe5 Qg5 17. g4 h5 18. Nxd7 hxg4 19. Qxg4 Nf3+ 20. Kg2 Nxe1+ 21. Rxe1 Qd2 22. Qe4 Qg5+ 23. Kf1 Nf6 24. Nxf6+ 1-0

[Event "Skalica Rapid 2020"]
[Site "Skalica"]
[Date "2020.08.29"]
[Round "2.13"]
[White "Bombek Peter"]
[Black "Krupa Miroslav"]
[Result "0-1"]
[ECO "D00"]
[WhiteElo "2090"]
[BlackElo "1816"]
[Annotator "ChessBase"]
[PlyCount "90"]
[EventDate "2020.08.29"]
[EventType "swiss"]
[EventCountry "SVK"]
[SourceTitle "playchess.com"]
[Source "ChessBase"]
[SourceQuality "1"]
[TimeControl "600+5"]

1. d4 Nf6 2. Bg5 d5 3. Nd2 Bf5 4. e3 e6 5. c4 c6 6. Qb3 Qc7 7. Bf4 Qc8 8. Ngf3 h6 9. h3 Be7 10. Be2 Nbd7 11. O-O O-O 12. Rac1 Ne4 13. Rfd1 Ndf6 14. Ne5 Nxd2 15. Rxd2 Ne4 16. Rdd1 f6 17. Nd3 Qd7 18. f3 Ng5 19. h4 Nf7 20. Bg3 g5 21. Nf2 Bd6 22. Bxd6 Nxd6 23. cxd5 exd5 24. e4 Be6 25. e5 fxe5 26. dxe5 Nf7 27. Nd3 b6 28. hxg5 Nxg5 29. f4 Ne4 30. Bf3 Kh8 31. Qc2 Bf5 32. Qxc6 Rac8 33. Qxd7 Bxd7 34. g3 Be6 35. Bxe4 dxe4 36. Nb4 Bg4 37. Rxc8 Rxc8 38. Re1 Bf3 39. Nd5 Rc2 40. e6 e3 41. e7 Rg2+ 42. Kf1 e2+ 43. Rxe2 Rxe2 44. f5 Re5 45. f6 Bxd5 0-1

[Event "Skalica Rapid 2020"]
[Site "Skalica"]
[Date "2020.08.29"]
[Round "2.16"]
[White "Janas Peter"]
[Black "Striskova Lucia"]
[Result "0-1"]
[ECO "D85"]
[WhiteElo "1562"]
[BlackElo "1484"]
[Annotator "NA"]
[PlyCount "70"]
[EventDate "2020.08.29"]
[EventType "swiss"]
[EventCountry "SVK"]
[SourceTitle "playchess.com"]
[Source "ChessBase"]
[SourceQuality "1"]
[TimeControl "600+5"]

1. d4 Nf6 2. Nf3 g6 3. c4 Bg7 4. Nc3 d5 5. cxd5 Nxd5 6. e4 Nxc3 7. bxc3 c5 8. Be3 Nc6 9. Bb5 O-O 10. Bxc6 bxc6 11. Rc1 Ba6 12. Qa4 Bb5 13. Qa3 cxd4 14. cxd4 Qd7 15. Qc5 Qg4 16. Qg5 Qxe4 17. a4 Bxa4 18. O-O Rad8 19. Qa5 Bb5 20. Rfe1 Qg4 21. Qxa7 Rd7 22. Qc5 e6 23. Ne5 Bxe5 24. dxe5 Rd5 25. Qc3 Rfd8 26. Bh6 Qh5 27. Bf4 Rd4 28. Bg3 Rc4 29. Qa5 Rc8 30. Rxc4 Bxc4 31. Qc5 Bd5 32. h3 Qf5 33. Re3 Qb1+ 34. Kh2 Qf1 35. f4 Qxg2# 0-1

[Event "Skalica Rapid 2020"]
[Site "Skalica"]
[Date "2020.08.29"]
[Round "2.18"]
[White "Krakovsky Peter"]
[Black "Takacs Laszlo"]
[Result "0-1"]
[ECO "A29"]
[WhiteElo "1661"]
[BlackElo "2128"]
[Annotator "ChessBase"]
[PlyCount "52"]
[EventDate "2020.08.29"]
[EventType "swiss"]
[EventCountry "SVK"]
[SourceTitle "playchess.com"]
[Source "ChessBase"]
[SourceQuality "1"]
[TimeControl "600+5"]

1. c4 e5 2. Nc3 Nf6 3. g3 d5 4. cxd5 Nxd5 5. Bg2 Nb6 6. d3 Nc6 7. Be3 Be7 8. Nf3 O-O 9. O-O f5 10. Nd2 f4 11. Bxb6 axb6 12. a3 Kh8 13. Qb3 Nd4 14. Qd1 c6 15. Nc4 Qc7 16. Ne4 Bg4 17. h3 Bxe2 18. Qe1 f3 19. Bh1 b5 20. Ne3 Qd7 21. Kh2 c5 22. Rg1 Ra6 23. Rc1 Qxh3+ 24. Kxh3 Rh6+ 25. Kg4 Rf4+ 26. gxf4 Rh4+ 0-1

[Event "Skalica Rapid 2020"]
[Site "Skalica"]
[Date "2020.08.29"]
[Round "3.1"]
[White "Pniaczek, Marek"]
[Black "Ihnat, Marek"]
[Result "1-0"]
[ECO "B36"]
[WhiteElo "1969"]
[BlackElo "1738"]
[Annotator "ChessBase"]
[PlyCount "47"]
[EventDate "2020.08.29"]
[EventType "swiss"]
[EventCountry "SVK"]
[SourceTitle "playchess.com"]
[Source "ChessBase"]
[SourceQuality "1"]
[TimeControl "600+5"]

1. e4 c5 2. Nf3 Nc6 3. d4 cxd4 4. Nxd4 g6 5. c4 Nf6 6. Nc3 d6 7. f3 Nxd4 8. Qxd4 Bg7 9. Be3 O-O 10. Qd2 a5 11. Na4 Bd7 12. Nb6 Ra6 13. c5 dxc5 14. Nxd7 Nxd7 15. Bxa6 bxa6 16. O-O Qc7 17. Rfd1 Ne5 18. Rac1 c4 19. Kh1 Qb7 20. Bd4 Nd3 21. Bxg7 Kxg7 22. Rxc4 Nxb2 23. Rb1 Nxc4 24. Qc3+ 1-0

[Event "Skalica Rapid 2020"]
[Site "Skalica"]
[Date "2020.08.29"]
[Round "3.2"]
[White "Bidulsky, Matej"]
[Black "Beres, Dominik"]
[Result "1-0"]
[ECO "B00"]
[WhiteElo "1548"]
[BlackElo "1988"]
[Annotator "ChessBase"]
[PlyCount "119"]
[EventDate "2020.08.29"]
[EventType "swiss"]
[EventCountry "SVK"]
[SourceTitle "playchess.com"]
[Source "ChessBase"]
[SourceQuality "1"]
[TimeControl "600+5"]

1. e4 d6 2. d4 c6 3. Nc3 Qc7 4. Nf3 Nd7 5. b3 e5 6. Bb2 Ngf6 7. Bd3 Be7 8. O-O O-O 9. Ne2 Re8 10. Ng3 Bf8 11. Re1 a6 12. c4 c5 13. d5 g6 14. Nd2 Bh6 15. h3 Rb8 16. Bc1 b5 17. Qf3 Bg7 18. Qd1 Nf8 19. Rf1 h5 20. Nf3 Bd7 21. Be3 Qc8 22. Qd2 bxc4 23. Bxc4 Bb5 24. Bh6 N8h7 25. Bxg7 Kxg7 26. Ng5 Bxc4 27. bxc4 h4 28. Nxh7 Nxh7 29. Ne2 Rb4 30. Qd3 Qb7 31. f4 Qe7 32. f5 Qg5 33. a3 Rb6 34. Kh2 Reb8 35. fxg6 fxg6 36. Rf3 Rb3 37. Qxb3 Rxb3 38. Rxb3 Qd2 39. Rb7+ Kh6 40. Ng1 Ng5 41. Rf1 Nxe4 42. Rff7 Ng5 43. Rf8 Nh7 44. Rh8 Qf4+ 45. Kh1 Qxc4 46. Rhxh7+ Kg5 47. Rbf7 e4 48. g3 hxg3 49. h4+ Kg4 50. Rhg7 g2+ 51. Kh2 Kh5 52. Rh7+ Kg4 53. Rh6 Qf1 54. Rxg6+ Kh5 55. Rgg7 c4 56. Nh3 g1=Q+ 57. Nxg1 Qe1 58. Nh3 Qd2+ 59. Rg2 Qe3 60. Rh7+ 1-0

[Event "Skalica Rapid 2020"]
[Site "Skalica"]
[Date "2020.08.29"]
[Round "3.3"]
[White "Beres, Tomas"]
[Black "Blaha, Tomas S"]
[Result "1-0"]
[ECO "A38"]
[WhiteElo "1948"]
[BlackElo "1089"]
[Annotator "ChessBase"]
[PlyCount "55"]
[EventDate "2020.08.29"]
[EventType "swiss"]
[EventCountry "SVK"]
[SourceTitle "playchess.com"]
[Source "ChessBase"]
[SourceQuality "1"]
[TimeControl "600+5"]

1. c4 c5 2. Nc3 Nc6 3. g3 g6 4. Bg2 Bg7 5. Nf3 Nf6 6. O-O O-O 7. d3 d6 8. a3 a6 9. Rb1 Rb8 10. Bd2 Bd7 11. b4 cxb4 12. axb4 b5 13. cxb5 axb5 14. Qb3 Qb6 15. Be3 Be6 16. Qa3 Qb7 17. Nd4 Ra8 18. Qc1 Bd7 19. Ncxb5 Nxd4 20. Nxd4 Nd5 21. Qd2 Ra4 22. Rfc1 Rxb4 23. Bxd5 Qxd5 24. Qxb4 Bh3 25. Nf3 Qa2 26. Qh4 Qxe2 27. Ng5 Bg2 28. Qxh7# 1-0

[Event "Skalica Rapid 2020"]
[Site "Skalica"]
[Date "2020.08.29"]
[Round "3.4"]
[White "Yankelevich, Lev"]
[Black "Blaho, Stefan"]
[Result "1-0"]
[ECO "D38"]
[WhiteElo "2388"]
[BlackElo "2090"]
[Annotator "ChessBase"]
[PlyCount "95"]
[EventDate "2020.08.29"]
[EventType "swiss"]
[EventCountry "SVK"]
[SourceTitle "playchess.com"]
[Source "ChessBase"]
[SourceQuality "1"]
[TimeControl "600+5"]

1. Nf3 d5 2. d4 Nf6 3. c4 e6 4. Nc3 Bb4 5. Qa4+ Nc6 6. e3 O-O 7. Bd2 a6 8. cxd5 exd5 9. Bd3 Qe7 10. O-O Bd6 11. h3 Be6 12. a3 Rad8 13. Qc2 g6 14. Rfe1 Rfe8 15. b4 Qd7 16. Ng5 Nh5 17. Nxe6 Qxe6 18. Be2 Ng7 19. Bf3 Ne7 20. e4 dxe4 21. Nxe4 Qf5 22. Bg4 Qb5 23. Nf6+ Kh8 24. Be2 Qf5 25. Qxf5 Nexf5 26. Nxe8 Rxe8 27. Bf3 Rb8 28. Bc3 Kg8 29. g3 Ne6 30. Rad1 Nf8 31. Kg2 Nd7 32. Bg4 Nb6 33. Bxf5 gxf5 34. d5 Nc4 35. a4 Nb6 36. a5 Nc4 37. Re2 h6 38. Rd4 b5 39. Rh4 Kh7 40. Rh5 Kg6 41. g4 f4 42. Rf5 Rc8 43. Rf6+ Kh7 44. Rxf7+ Kg8 45. Rg7+ Kf8 46. Rh7 f3+ 47. Kxf3 c6 48. Rh8+ 1-0

[Event "Skalica Rapid 2020"]
[Site "Skalica"]
[Date "2020.08.29"]
[Round "3.5"]
[White "Panko, Radoslav"]
[Black "Bucek, Miroslav"]
[Result "1-0"]
[ECO "C34"]
[WhiteElo "2039"]
[BlackElo "1422"]
[Annotator "ChessBase"]
[PlyCount "38"]
[EventDate "2020.08.29"]
[EventType "swiss"]
[EventCountry "SVK"]
[SourceTitle "playchess.com"]
[Source "ChessBase"]
[SourceQuality "1"]
[TimeControl "600+5"]

1. e4 e5 2. f4 exf4 3. Nf3 Ne7 4. d4 d5 5. e5 Ng6 6. Bd3 c5 7. c3 Nc6 8. Bxg6 hxg6 9. Bxf4 Bg4 10. Nbd2 cxd4 11. cxd4 Nxd4 12. Qa4+ Nc6 13. Rc1 Qd7 14. O-O Be7 15. h3 Be6 16. Qd1 Rc8 17. Qe1 Bxh3 18. gxh3 Qxh3 19. Qg3 Ra8 1-0

[Event "Skalica Rapid 2020"]
[Site "Skalica"]
[Date "2020.08.29"]
[Round "3.5"]
[White "Jurakic Lukas"]
[Black "Manik Mikulas"]
[Result "1/2-1/2"]
[ECO "B51"]
[WhiteElo "1918"]
[BlackElo "2313"]
[Annotator "ChessBase"]
[PlyCount "30"]
[EventDate "2020.08.29"]
[EventType "swiss"]
[EventCountry "SVK"]
[SourceTitle "playchess.com"]
[Source "ChessBase"]
[SourceQuality "1"]
[TimeControl "600+5"]

1. e4 c5 2. Nf3 d6 3. Bb5+ Nd7 4. O-O Ngf6 5. Re1 a6 6. Bf1 Ne5 7. h3 e6 8. c3 Be7 9. d4 Nxf3+ 10. Qxf3 cxd4 11. cxd4 d5 12. e5 Ne4 13. Nc3 Nxc3 14. bxc3 O-O 15. Bd3 f5 1/2-1/2

[Event "Skalica Rapid 2020"]
[Site "Skalica"]
[Date "2020.08.29"]
[Round "3.6"]
[White "Szucs, Vladimir"]
[Black "Krakovsky, Peter"]
[Result "1-0"]
[ECO "D06"]
[WhiteElo "2088"]
[BlackElo "1661"]
[Annotator "ChessBase"]
[PlyCount "79"]
[EventDate "2020.08.29"]
[EventType "swiss"]
[EventCountry "SVK"]
[SourceTitle "playchess.com"]
[Source "ChessBase"]
[SourceQuality "1"]
[TimeControl "600+5"]

1. d4 d5 2. c4 Nf6 3. cxd5 Nxd5 4. e4 Nf6 5. Nc3 e6 6. Nf3 Be7 7. Bd3 O-O 8. O-O c6 9. Qe2 Nbd7 10. Bg5 h6 11. Bh4 b5 12. Rfe1 Re8 13. Rad1 Qb6 14. e5 Nd5 15. Bxe7 Nxe7 16. Qe4 Nf8 17. b4 Bb7 18. Qe2 Rad8 19. Ne4 Nf5 20. Nc5 a5 21. a3 axb4 22. axb4 Bc8 23. Qe4 Rd5 24. g4 Ne7 25. h4 Qd8 26. h5 Kh8 27. Kg2 Ng8 28. Qf4 Qe7 29. Be4 Red8 30. Bxd5 Rxd5 31. Ra1 Nh7 32. Ra8 Rd8 33. Rea1 Ng5 34. R1a7 Qe8 35. Nxg5 hxg5 36. Qxf7 Qxf7 37. Rxf7 Nh6 38. Rc7 Rxd4 39. Rcxc8+ Kh7 40. Rh8# 1-0

[Event "Skalica Rapid 2020"]
[Site "Skalica"]
[Date "2020.08.29"]
[Round "3.7"]
[White "Krupa Miroslav"]
[Black "Petran, Peter"]
[Result "0-1"]
[ECO "B06"]
[WhiteElo "1816"]
[BlackElo "2219"]
[Annotator "ChessBase"]
[PlyCount "100"]
[EventDate "2020.08.29"]
[EventType "swiss"]
[EventCountry "SVK"]
[SourceTitle "playchess.com"]
[Source "ChessBase"]
[SourceQuality "1"]
[TimeControl "600+5"]

1. e4 g6 2. d4 Bg7 3. Be3 d6 4. Nc3 c6 5. Qd2 b5 6. f3 Nd7 7. g4 Nb6 8. h4 h5 9. g5 e6 10. f4 d5 11. exd5 exd5 12. O-O-O Ne7 13. Re1 Bg4 14. Bf2 O-O 15. Bh3 Nc4 16. Qd3 Bf5 17. Bxf5 Nxf5 18. Nf3 Qc7 19. Ne5 Rfe8 20. Ne2 Re6 21. Ng3 Ncd6 22. Qc3 Rc8 23. Kb1 a5 24. Nxf5 Nxf5 25. Re2 Bf8 26. Qd3 b4 27. Rhe1 c5 28. dxc5 Bxc5 29. Qxd5 Bxf2 30. Rxf2 Nxh4 31. Rfe2 Rce8 32. Qd3 Rd6 33. Qb3 Red8 34. a3 bxa3 35. Qxa3 Nf5 36. Qb3 Nd4 37. Qc4 Qxc4 38. Nxc4 Nxe2 39. Nxd6 Nxf4 40. Ne4 Kg7 41. Nf6 Ne6 42. Ne4 Rd5 43. c4 Re5 44. Kc2 Nxg5 45. Kd3 Rxe4 46. Rxe4 Nxe4 47. Kxe4 Kf6 48. Kd5 h4 49. c5 h3 50. c6 h2 0-1

[Event "Skalica Rapid 2020"]
[Site "Skalica"]
[Date "2020.08.29"]
[Round "3.7"]
[White "Tupy, Bystrik"]
[Black "Janas, Peter"]
[Result "1-0"]
[ECO "B01"]
[WhiteElo "1702"]
[BlackElo "1562"]
[Annotator "NA"]
[PlyCount "109"]
[EventDate "2020.08.29"]
[EventType "swiss"]
[EventCountry "SVK"]
[SourceTitle "playchess.com"]
[Source "ChessBase"]
[SourceQuality "1"]
[TimeControl "600+5"]

1. e4 d5 2. exd5 Qxd5 3. Nc3 Qa5 4. Nf3 Bg4 5. Be2 Nf6 6. h3 Bh5 7. Nd4 Bxe2 8. Qxe2 c6 9. d3 Nbd7 10. Nb3 Qc7 11. Bg5 e6 12. O-O h6 13. Bh4 Bd6 14. Bxf6 Nxf6 15. Rfe1 O-O 16. Ne4 Nxe4 17. Qxe4 a5 18. Nd2 b5 19. Nf3 a4 20. c3 Rfd8 21. d4 a3 22. b3 c5 23. Rac1 Qb6 24. Red1 Rac8 25. d5 Qb7 26. c4 b4 27. Rd3 Rd7 28. Rcd1 Rcd8 29. Kf1 exd5 30. Qxd5 Qxd5 31. Rxd5 Kf8 32. Ne5 Bxe5 33. Rxd7 Re8 34. Rd8 Bd4 35. Rxe8+ Kxe8 36. Re1+ Kf8 37. Re4 Bc3 38. Ke2 f5 39. Re6 Kf7 40. Re3 Bd4 41. Rd3 Ke6 42. f3 f4 43. Rd1 Ke5 44. Kd3 Kf5 45. Re1 h5 46. Re4 Bf2 47. Re7 Bd4 48. Rd7 Bf2 49. Rxg7 Kf6 50. Rd7 h4 51. Ke4 Be3 52. Rd5 Ke6 53. Rd3 Bc1 54. Rd5 Be3 55. Rh5 1-0

[Event "Skalica Rapid 2020"]
[Site "Skalica"]
[Date "2020.08.29"]
[Round "3.8"]
[White "Jablonicky, Martin"]
[Black "Vadila Ondrej"]
[Result "1-0"]
[ECO "A60"]
[WhiteElo "2290"]
[BlackElo "2057"]
[Annotator "ChessBase"]
[PlyCount "75"]
[EventDate "2020.08.29"]
[EventType "swiss"]
[EventCountry "SVK"]
[SourceTitle "playchess.com"]
[Source "ChessBase"]
[SourceQuality "1"]
[TimeControl "600+5"]

1. d4 Nf6 2. c4 c5 3. d5 e6 4. Nc3 exd5 5. cxd5 Bd6 6. e4 Be5 7. Bd3 d6 8. Nge2 O-O 9. O-O Re8 10. Bc2 Bg4 11. f3 Bh5 12. Be3 Nbd7 13. Nf4 Bg6 14. Nxg6 hxg6 15. Qd2 a6 16. a4 Rb8 17. Bd3 Qc7 18. Bf2 c4 19. Bc2 b5 20. axb5 axb5 21. Ra7 Qc8 22. Re1 Nc5 23. Na2 Bxb2 24. Nb4 Rb7 25. Ra2 c3 26. Qf4 Qc7 27. Bd4 Nfd7 28. h4 Ne5 29. Qg3 Qd7 30. f4 Ng4 31. e5 Nh6 32. e6 fxe6 33. Qxg6 Nf5 34. Bxf5 exf5 35. Rxe8+ Qxe8 36. Qxe8+ Kh7 37. Qh5+ Kg8 38. Ra8+ 1-0

[Event "Skalica Rapid 2020"]
[Site "Skalica"]
[Date "2020.08.29"]
[Round "3.8"]
[White "Osicka, Premysl"]
[Black "Romanova, Ela"]
[Result "0-1"]
[ECO "D00"]
[WhiteElo "1590"]
[BlackElo "1529"]
[Annotator "NA"]
[PlyCount "46"]
[EventDate "2020.08.29"]
[EventType "swiss"]
[EventCountry "SVK"]
[SourceTitle "playchess.com"]
[Source "ChessBase"]
[SourceQuality "1"]
[TimeControl "600+5"]

1. d4 d5 2. Bf4 e6 3. Nf3 Bd6 4. Bg3 f5 5. e3 Nf6 6. Ne5 Nbd7 7. c3 O-O 8. Bd3 c6 9. Qe2 Qc7 10. f4 Bxe5 11. fxe5 Ne4 12. Nd2 c5 13. Bxe4 fxe4 14. O-O-O a5 15. h4 b5 16. Qxb5 Ba6 17. Qa4 Rfb8 18. Nb3 Bd3 19. Rd2 Nb6 20. Qa3 Nc4 21. Qxc5 Qb7 22. Rxd3 exd3 23. e4 Rc8 0-1

[Event "Skalica Rapid 2020"]
[Site "Skalica"]
[Date "2020.08.29"]
[Round "3.9"]
[White "Sperat Czar, Nicolas"]
[Black "Cedzo, Adam"]
[Result "0-1"]
[ECO "C55"]
[WhiteElo "1737"]
[BlackElo "1585"]
[Annotator "NA"]
[PlyCount "45"]
[EventDate "2020.08.29"]
[EventType "swiss"]
[EventCountry "SVK"]
[SourceTitle "playchess.com"]
[Source "ChessBase"]
[SourceQuality "1"]
[TimeControl "600+5"]

1. e4 e5 2. Nf3 Nc6 3. Bc4 Nf6 4. d3 h6 5. O-O Bc5 6. c3 d6 7. d4 Bb6 8. Re1 O-O 9. h3 Re8 10. dxe5 Nxe5 11. Nxe5 dxe5 12. Qc2 Be6 13. Bxe6 Rxe6 14. Nd2 Qe7 15. Nf3 Rd8 16. a4 a5 17. Be3 Bxe3 18. Rxe3 Nh5 19. Rd3 Rxd3 20. Qxd3 Nf4 21. Qc2 Rg6 22. Nh4 Qxh4 23. Qd1 0-1

[Event "Skalica Rapid 2020"]
[Site "Skalica"]
[Date "2020.08.29"]
[Round "3.9"]
[White "Striskova Lucia"]
[Black "Danada, Tomas"]
[Result "0-1"]
[ECO "B06"]
[WhiteElo "1484"]
[BlackElo "2122"]
[Annotator "ChessBase"]
[PlyCount "68"]
[EventDate "2020.08.29"]
[EventType "swiss"]
[EventCountry "SVK"]
[SourceTitle "playchess.com"]
[Source "ChessBase"]
[SourceQuality "1"]
[TimeControl "600+5"]

1. e4 g6 2. d4 Bg7 3. Nf3 d6 4. Bc4 e6 5. O-O Ne7 6. Bg5 h6 7. Be3 Nd7 8. Qd2 a6 9. Nc3 b5 10. Bd3 Bb7 11. Ne2 Nf6 12. Ng3 Ng4 13. h3 Nxe3 14. Qxe3 c5 15. c4 cxd4 16. Nxd4 bxc4 17. Bxc4 O-O 18. Nde2 d5 19. exd5 Nxd5 20. Qb3 Rb8 21. Qc2 Rc8 22. Qb3 Rb8 23. Qc2 Qh4 24. Bxd5 Bxd5 25. Nc3 Rfc8 26. Qd2 Rd8 27. Qe2 Bc4 28. Qc2 Bxf1 29. Rxf1 Qb4 30. Nd1 Rbc8 31. Qe2 Qc4 32. Qe3 Rd3 33. Qe1 Qxa2 34. Qb4 Qb3 0-1

[Event "Skalica Rapid 2020"]
[Site "Skalica"]
[Date "2020.08.29"]
[Round "3.10"]
[White "Sobek Michal"]
[Black "Jancovic Peter"]
[Result "0-1"]
[ECO "B51"]
[WhiteElo "1913"]
[BlackElo "2271"]
[Annotator "ChessBase"]
[PlyCount "46"]
[EventDate "2020.08.29"]
[EventType "swiss"]
[EventCountry "SVK"]
[SourceTitle "playchess.com"]
[Source "ChessBase"]
[SourceQuality "1"]
[TimeControl "600+5"]

1. e4 c5 2. Nf3 d6 3. Bb5+ Nd7 4. c3 Ngf6 5. Qe2 a6 6. Ba4 b5 7. Bc2 e5 8. O-O Be7 9. d4 cxd4 10. cxd4 O-O 11. b4 Bb7 12. Bb2 Rc8 13. Nc3 Re8 14. Rfd1 Qb6 15. Nd5 Nxd5 16. exd5 Bxd5 17. dxe5 Bxf3 18. Qd3 Rxc2 19. Qxc2 Bxd1 20. Rxd1 Nxe5 21. Qf5 Bf8 22. Rd4 Nc4 23. Bc3 Qxd4 0-1

[Event "Skalica Rapid 2020"]
[Site "Skalica"]
[Date "2020.08.29"]
[Round "3.10"]
[White "Pekar, Matus"]
[Black "Gurevich, Michele"]
[Result "1-0"]
[ECO "C42"]
[WhiteElo "1575"]
[BlackElo "1107"]
[Annotator "NA"]
[PlyCount "81"]
[EventDate "2020.08.29"]
[EventType "swiss"]
[EventCountry "SVK"]
[SourceTitle "playchess.com"]
[Source "ChessBase"]
[SourceQuality "1"]
[TimeControl "600+5"]

1. e4 e5 2. Nf3 Nf6 3. Nxe5 d6 4. Nf3 Nxe4 5. d4 Nf6 6. Bd3 Be7 7. O-O O-O 8. Re1 d5 9. Bf4 Bg4 10. Nbd2 Nc6 11. c3 Bd6 12. Bxd6 Qxd6 13. Qc2 Rae8 14. a4 Re7 15. Rxe7 Nxe7 16. Ne5 Qe6 17. Re1 Ng6 18. Re3 Qd6 19. Nxg6 fxg6 20. f3 Bd7 21. b3 Nh5 22. c4 c6 23. Re5 c5 24. Rxd5 Qe7 25. dxc5 Qe1+ 26. Nf1 Bc6 27. Rd4 Qa1 28. Rd6 Nf4 29. Be4 Bxe4 30. Qxe4 Qc1 31. h3 h6 32. Rd7 Rf7 33. Qe8+ Kh7 34. Rxf7 Nxh3+ 35. gxh3 Qg5+ 36. Kf2 Qh4+ 37. Ng3 Qd4+ 38. Qe3 Qb2+ 39. Ne2 Qb1 40. Qe5 Qf5 41. Qxg7# 1-0

[Event "Skalica Rapid 2020"]
[Site "Skalica"]
[Date "2020.08.29"]
[Round "3.11"]
[White "Takacs Laszlo"]
[Black "Grieve, Harry"]
[Result "0-1"]
[ECO "B47"]
[WhiteElo "2128"]
[BlackElo "1887"]
[Annotator "ChessBase"]
[PlyCount "70"]
[EventDate "2020.08.29"]
[EventType "swiss"]
[EventCountry "SVK"]
[SourceTitle "playchess.com"]
[Source "ChessBase"]
[SourceQuality "1"]
[TimeControl "600+5"]

1. e4 c5 2. Nf3 e6 3. d4 cxd4 4. Nxd4 Nc6 5. Nc3 Qc7 6. Be2 a6 7. O-O Nf6 8. Kh1 b5 9. a3 Bb7 10. f4 h5 11. Be3 Nxd4 12. Qxd4 Ng4 13. Bg1 Rc8 14. Bf3 Qxf4 15. Bxg4 Qxg4 16. Rxf7 Kxf7 17. Qxd7+ Kg6 18. Qxb7 Bc5 19. Qxa6 Kh7 20. Qxb5 Bxg1 21. Kxg1 Rhd8 22. h3 Qh4 23. Qe2 Qg5 24. Rd1 Rxd1+ 25. Nxd1 Qc1 26. Qxh5+ Kg8 27. Kh2 Qf4+ 28. Kg1 Qc1 29. Kh2 Qf4+ 30. Kg1 Qxe4 31. c3 Rd8 32. Kh2 Qf4+ 33. Kg1 Qc1 34. b4 Rxd1+ 35. Kh2 Qf4+ 0-1

[Event "Skalica Rapid 2020"]
[Site "Skalica"]
[Date "2020.08.29"]
[Round "3.11"]
[White "Fajtakova, Silvia"]
[Black "Tupy, Emil"]
[Result "0-1"]
[ECO "B06"]
[WhiteElo "1509"]
[BlackElo "1538"]
[Annotator "NA"]
[PlyCount "112"]
[EventDate "2020.08.29"]
[EventType "swiss"]
[EventCountry "SVK"]
[SourceTitle "playchess.com"]
[Source "ChessBase"]
[SourceQuality "1"]
[TimeControl "600+5"]

1. e4 g6 2. c3 Bg7 3. d4 d6 4. Nf3 Nf6 5. Bd3 O-O 6. h3 Nbd7 7. O-O c5 8. Re1 cxd4 9. cxd4 e5 10. d5 Nc5 11. Bc2 a5 12. Nc3 Bd7 13. Bg5 b5 14. Qc1 b4 15. Nd1 Qc8 16. Bh6 Bxh3 17. Bxg7 Kxg7 18. gxh3 Qxh3 19. Nh2 Nh5 20. Re3 Qd7 21. Qd2 Nf4 22. Rg3 Qb5 23. Re3 Qd7 24. b3 Nh3+ 25. Kf1 Nf4 26. a3 Qb5+ 27. Kg1 f5 28. exf5 gxf5 29. a4 Qd7 30. Rg3+ Kh8 31. Ne3 Ne4 32. Bxe4 fxe4 33. Ng2 Nh3+ 34. Kf1 Rxf2+ 35. Qxf2 Nxf2 36. Kxf2 Rf8+ 37. Kg1 Qa7+ 38. Kh1 Qd4 39. Rg1 Qxd5 40. Ng4 Qe6 41. Nh2 d5 42. Nf1 d4 43. Kh2 Rf6 44. Nh4 Rh6 45. Rg4 e3 46. Kh3 Qxb3 47. R1g3 Qd5 48. Nh2 e2 49. N2f3 e4 50. Ne1 e3 51. Nef3 d3 52. Rf4 Qe6+ 53. Kh2 Rxh4+ 54. Rxh4 d2 55. Nxd2 exd2 56. Rd4 d1=Q 0-1

[Event "Skalica Rapid 2020"]
[Site "Skalica"]
[Date "2020.08.29"]
[Round "3.12"]
[White "Stevik Patrik"]
[Black "Bombek, Peter"]
[Result "1-0"]
[ECO "A03"]
[WhiteElo "1895"]
[BlackElo "2090"]
[Annotator "ChessBase"]
[PlyCount "63"]
[EventDate "2020.08.29"]
[EventType "swiss"]
[EventCountry "SVK"]
[SourceTitle "playchess.com"]
[Source "ChessBase"]
[SourceQuality "1"]
[TimeControl "600+5"]

1. b3 d5 2. Bb2 c5 3. e3 Nf6 4. f4 Nc6 5. Nf3 Bg4 6. Be2 e6 7. O-O Be7 8. d3 O-O 9. Nbd2 Rc8 10. Ne5 Bxe2 11. Qxe2 Nd7 12. Ndf3 f6 13. Nxc6 Rxc6 14. e4 Re8 15. Rae1 Rc8 16. exd5 exd5 17. Qe6+ Kh8 18. Qxd5 Qc7 19. Qf7 Nf8 20. Nh4 Bd6 21. Qxe8 Rxe8 22. Rxe8 Qd7 23. Rfe1 Kg8 24. g3 Kf7 25. R8e2 a5 26. Nf3 a4 27. Ne5+ fxe5 28. fxe5 axb3 29. exd6 Qxd6 30. axb3 Kg6 31. Re4 h5 32. Re7 1-0

[Event "Skalica Rapid 2020"]
[Site "Skalica"]
[Date "2020.08.29"]
[Round "3.12"]
[White "Dubanova, Kristina"]
[Black "Meszaros, Casey Ryan"]
[Result "0-1"]
[ECO "C38"]
[WhiteElo "1128"]
[BlackElo "1478"]
[Annotator "NA"]
[PlyCount "64"]
[EventDate "2020.08.29"]
[EventType "swiss"]
[EventCountry "SVK"]
[SourceTitle "playchess.com"]
[Source "ChessBase"]
[SourceQuality "1"]
[TimeControl "600+5"]

1. e4 e5 2. f4 exf4 3. Nf3 g5 4. Bc4 Bg7 5. O-O h6 6. d4 g4 7. Nfd2 Bxd4+ 8. Kh1 Be3 9. Nb3 Bxc1 10. Qxc1 b5 11. Bxf7+ Kxf7 12. Qxf4+ Qf6 13. Qxf6+ Nxf6 14. e5 d6 15. exf6 b4 16. a3 Be6 17. axb4 Bxb3 18. cxb3 Re8 19. Nc3 c6 20. Rad1 d5 21. b5 Rd8 22. bxc6 Nxc6 23. Rxd5 Rxd5 24. Nxd5 Rd8 25. Ne3 h5 26. Nf5 Ne5 27. Nh6+ Kf8 28. h3 g3 29. Nf5 h4 30. Nxh4 Nd3 31. Rd1 Nf2+ 32. Kg1 Rxd1# 0-1

[Event "Skalica Rapid 2020"]
[Site "Skalica"]
[Date "2020.08.29"]
[Round "3.13"]
[White "Chlpek, Daniel"]
[Black "Skreno Vladimir"]
[Result "0-1"]
[ECO "B30"]
[WhiteElo "1879"]
[BlackElo "2089"]
[Annotator "ChessBase"]
[PlyCount "94"]
[EventDate "2020.08.29"]
[EventType "swiss"]
[EventCountry "SVK"]
[SourceTitle "playchess.com"]
[Source "ChessBase"]
[SourceQuality "1"]
[TimeControl "600+5"]

1. e4 c5 2. Nf3 Nc6 3. Bb5 Nd4 4. Nxd4 cxd4 5. O-O g6 6. d3 Bg7 7. c3 a6 8. Bc4 b5 9. Bb3 Bb7 10. Qf3 e6 11. cxd4 Bxd4 12. Nc3 Ne7 13. Be3 Bg7 14. Rac1 O-O 15. Qe2 d5 16. exd5 Nxd5 17. Ne4 Nxe3 18. fxe3 Bxe4 19. dxe4 Qb6 20. Rfd1 a5 21. a3 Rad8 22. Kf2 b4 23. a4 Rd6 24. Rxd6 Qxd6 25. g3 Qe5 26. Rc4 Rd8 27. Rd4 Rxd4 28. exd4 Qxd4+ 29. Kf3 h5 30. h3 Be5 31. Bc4 Qxb2 32. Qxb2 Bxb2 33. Kf4 e5+ 34. Ke3 Kf8 35. Kd3 f5 36. exf5 gxf5 37. Be6 f4 38. gxf4 exf4 39. Bd5 Ke7 40. Kc4 Kd6 41. Bf3 h4 42. Be4 Bf6 43. Bf3 Ke5 44. Bc6 b3 45. Kxb3 Kd4 46. Kc2 Ke3 47. Kd1 Bc3 0-1